 Dungeon Crawl Stone Soup version 0.20-a0-513-g02c11fc (webtiles) character file.

745 kae the Slasher (level 7, 0/56 HPs)
             Began as a Barachian Fighter on Jan 23, 2017.
             Was an Initiate of Cheibriados.
             Slain by Grinder (1 damage)
             ... on level 4 of the Dungeon.
             The game lasted 00:05:54 (5737 turns).

kae the Slasher (Barachian Fighter)                 Turns: 5737, Time: 00:05:55

Health: 0/56       AC:  7    Str: 22    XL:     7   Next: 76%
Magic:  7/7        EV:  7    Int:  7    God:    Cheibriados [......]
Gold:   143        SH:  9    Dex: 12    Spells: 6/6 levels left

rFire    . . .     SeeInvis .   a - +0 long sword
rCold    . . .     Gourm    .   b - +0 scale mail
rNeg     . . .     Faith    .   c - +0 shield
rPois    .         Spirit   .   (no helmet)
rElec    .         Reflect  .   n - -1 cloak (curse)
rCorr    .         Harm     .   (no gloves)
MR       .....                  (no boots)
Stlth    ..........             (no amulet)
Regen    0.2/turn               (no ring)
                                (no ring)

@: mighty, very slow
A: swims, slowness 1, strong legs 1
a: Hop, Bend Time, Renounce Religion


You were on level 4 of the Dungeon.
You worshipped Cheibriados.
Cheibriados was noncommittal.
You were hungry.

You visited 1 branch of the dungeon, and saw 4 of its levels.

You collected 143 gold pieces.

Inventory:

Hand Weapons
 a - a +0 long sword (weapon)
Armour
 b - a +0 scale mail (worn)
 c - a +0 shield (worn)
 n - a cursed -1 cloak (worn)
Wands
 e - a wand of random effects (13/48)
 j - a wand of digging (12/24)
 o - a wand of acid (12/15)
 r - a wand of flame (23/48)
Scrolls
 g - 2 scrolls of remove curse
 l - a scroll of teleportation
 m - 2 scrolls of fog
Potions
 d - a potion of might
 h - 2 potions of brilliance
 i - a potion of agility
Comestibles
 f - 4 bread rations
 k - 2 royal jellies


   Skills:
 + Level 5.2 Fighting
 * Level 7.0 Long Blades
 + Level 5.5 Armour
 - Level 3.0 Shields
 + Level 0.4 Invocations


You had 6 spell levels left.
You didn't know any spells.

Dungeon Overview and Level Annotations

Branches:
Dungeon (4/15)
 Temple: D:4-7

Altars:
Cheibriados
Nemelex Xobeh
Qazlal

Annotations:
D:4 Grinder


Innate Abilities, Weirdness & Mutations

You can swim through water.
You cover ground slowly.
You can hop short distances.


Message History

It was a potion of cure mutation.
It has a very clean taste.
Grinder says, "There's only one good use for a tongue: cutting it out."
Grinder hits you.
You barely miss Grinder.
Grinder is moderately wounded.
You block Grinder's attack.
You barely miss Grinder.
Grinder is moderately wounded.
Grinder gestures at you. Pain shoots through your body!
* * * LOW HITPOINT WARNING * * *
You closely miss Grinder.
Grinder is moderately wounded.
Grinder hits you but does no damage.
You closely miss Grinder.
Grinder is moderately wounded.
Grinder hits you.
* * * LOW HITPOINT WARNING * * *
You writhe in agony.
You die...

###.........# *,,.*,
#..#####....# **,,,*,
##.## *##..##*
*,,,,** ##.#
*#....***,,,*** #.#
*#....,,,,,,,***
#.##*#...#**,,,,,,,,,
#..##...#* **,,,,,,,,
##.#.5.#* *,,,,****
#..@.#* **,,,**
**#....# **,,,,*
**#.....## **,,,,,*
#..####..****,,,,,,*
##** #...**,,,,,,,*
##...,,,,,,,,***
*....******,,,**
*....# **,,,** *,,,,*
***,,,


You could see Grinder.

Vanquished Creatures
  The ghost of kae the Slasher, an amateur BaFi (D:3)
  2 hounds
  3 orc wizards (D:3)
  Crazy Yiuf (D:3)
  3 orc priests
  Ijyb (D:3)
  Jessica (D:3)
  Natasha (thrice) (D:3)
  An iguana (D:3)
  8 adders
  2 oozes
  2 worms
  3 dart slugs
  4 leopard geckos
  11 orcs
  2 ball pythons (D:1)
  5 giant cockroaches
  6 hobgoblins
  4 jackals (D:3)
  8 kobolds
  4 quokkas
  5 bats
  7 frilled lizards
  10 goblins
  13 rats
110 creatures vanquished.

Notes
Turn   | Place    | Note
-------+----------+-------------------------------------------
     0 | D:1      | kae the Barachian Fighter began the quest for the Orb.
     0 | D:1      | Reached XP level 1. HP: 18/18 MP: 1/1
    24 | D:1      | Reached XP level 2. HP: 19/24 MP: 2/2
   125 | D:1      | Reached skill level 3 in Long Blades
   209 | D:1      | Reached XP level 3. HP: 27/29 MP: 3/3
  1017 | D:2      | Reached XP level 4. HP: 28/37 MP: 4/4
  1475 | D:2      | Found a stormy altar of Qazlal.
  1497 | D:2      | Reached skill level 4 in Long Blades
  1950 | D:3      | Noticed Natasha
  2188 | D:3      | Killed Natasha
  2188 | D:3      | Reached XP level 5. HP: 16/42 MP: 5/5
  2438 | D:3      | Noticed Natasha
  2459 | D:3      | Killed Natasha
  2615 | D:3      | Noticed Jessica
  2620 | D:3      | Killed Jessica
  3003 | D:3      | Noticed kae's ghost (amateur BaFi)
  3342 | D:2      | Reached skill level 5 in Long Blades
  3356 | D:2      | Reached XP level 6. HP: 49/49 MP: 6/6
  3441 | D:3      | Noticed Natasha
  3461 | D:3      | Killed Natasha
  3478 | D:3      | Noticed Ijyb
  3763 | D:3      | Killed Ijyb
  3823 | D:3      | Reached skill level 5 in Armour
  4498 | D:3      | Reached XP level 7. HP: 50/55 MP: 7/7
  4515 | D:3      | Reached skill level 6 in Long Blades
  4700 | D:3      | Found a sparkling altar of Nemelex Xobeh.
  4723 | D:3      | Killed kae's ghost
  4723 | D:3      | Reached skill level 5 in Fighting
  4930 | D:3      | Found a runed door.
  4972 | D:3      | Noticed Crazy Yiuf
  4978 | D:3      | Killed Crazy Yiuf
  5481 | D:4      | Found a snail-covered altar of Cheibriados.
  5485 | D:4      | Became a worshipper of Cheibriados the Contemplative
  5642 | D:4      | Reached skill level 7 in Long Blades
  5715 | D:4      | Noticed Grinder
  5737 | D:4      | HP: 1/56 [Grinder (5)]
  5737 | D:4      | Slain by Grinder

Vault maps used:
D:1:      saegor_arrival_simple_a, chequers_big_river
D:2:      nicolae_overflow_hidden_temple
D:3:      nemelex_xobeh_ov_fountains_minmay, uniq_crazy_yiuf_cottage,
          uniq_jessica, uniq_natasha, uniq_iyjb
D:4:      first_bread, st_stairs_4, cheibriados_altar_1, uniq_grinder

Skill      XL: |  1  2  3  4  5  6  7 |
---------------+----------------------+-----
Long Blades    | 3 4 5 7 |  7.0
Armour         | 4 5 |  5.5
Fighting       | 4 5 |  5.2
Shields        | |  3.0
Invocations    | |  0.4

Action                   |  1- 3 |  4- 6 |  7- 9 || total
-------------------------+-------+-------+-------++-------
Melee: Long sword        |   110 |   290 |   105 ||   505
 Abil: Hop               |       |     5 |     3 ||     8
  Use: Scroll            |       |     5 |     1 ||     6
       Potion            |       |     4 |     5 ||     9
  Eat: Chunk             |     1 |    11 |       ||    12
       Meat ration       |       |       |     1 ||     1
Armor: Scale mail        |    57 |   136 |    25 ||   218
Dodge: Dodged            |    28 |    85 |    27 ||   140
Block: Shield            |    73 |   123 |    38 ||   234
       Rpst.: Long sword |    11 |    23 |     9 ||    43
